details: '1v2 rape drophackers'

« prev index next »

General information

Mini Map

Players

team 1
OrcNoTAJoKeAcCt (yellow | 56 APM | 8 actions | 00:08)

» actions
Build / train2
Right click4
Select / deselect2
8 total
» units
Peon2
2 total
UndeadThe-professor- (orange | 8 APM | 1 actions | 00:07)

» actions
Select / deselect1
1 total
Random» Undeaddumb_retard (pink | 81 APM | 1528 actions | 18:47)
Hero icon 6 Death Knight
Ability icon 3 Death Coil
Ability icon 3 Unholy Aura
Hero icon 5 Tauren Chieftain
Ability icon 2 Shockwave
Ability icon 3 Endurance Aura

» actions
Assign group hotkey33
Basic commands96
Build / train122
ESC pressed1
Enter build submenu52
Enter hero's abilities submenu20
Right click434
Select / deselect328
Select group hotkey357
Use ability85
1528 total
» units
Acolyte6
Peon5
Ghoul9
Grunt11
Crypt Fiend23
Obsidian Statue3
Shaman3
Necromancer4
Tauren4
Frost Wyrm3
Banshee2
Troll Witch Doctor1
74 total
» upgrades
Creature Attack1
Shaman Training2
Witch Doctor Training2
Necromancer Training2
Banshee Training1
Skeletal Longevity1
Skeletal Mastery1
Pulverize1
Web1
12 total
» buildings
Altar of Darkness3
Crypt3
Ziggurat18
Graveyard4
Altar of Storms1
Orc Burrow6
Barracks1
Tomb of Relics2
Nerubian Tower2
War Mill1
Halls of the Dead3
Stronghold4
Spirit Tower1
Black Citadel2
Sacrificial Pit1
Slaughterhouse1
Fortress1
Spirit Lodge2
Temple of the Damned2
Boneyard3
Watch Tower2
Tauren Totem1
64 total
» build order
00:05 Altar of Darkness
00:07 Crypt
00:13 Ziggurat
00:21 Crypt
00:21 Ziggurat
00:27 Graveyard
00:28 Crypt
00:34 Altar of Storms
00:37 Orc Burrow
00:42 Altar of Darkness
00:50 Graveyard
00:57 Barracks
01:02 Ziggurat
01:08 Graveyard
01:20 Altar of Darkness
01:30 Graveyard
01:40 Ziggurat
01:55 Ziggurat
01:59 Ziggurat
02:05 Orc Burrow
02:13 Tomb of Relics
02:19 Nerubian Tower
02:26 Tomb of Relics
02:31 Ziggurat
02:44 Orc Burrow
02:46 War Mill
03:14 Ziggurat
03:45 Halls of the Dead
03:49 Stronghold
03:50 Stronghold
03:50 Stronghold
03:53 Orc Burrow
03:59 Halls of the Dead
04:33 Ziggurat
05:34 Halls of the Dead
05:42 Ziggurat
05:43 Ziggurat
06:20 Spirit Tower
06:37 Black Citadel
06:41 Sacrificial Pit
06:41 Slaughterhouse
06:43 Ziggurat
07:40 Fortress
07:41 Spirit Lodge
07:41 Spirit Lodge
08:34 Black Citadel
08:36 Ziggurat
08:43 Temple of the Damned
08:43 Temple of the Damned
08:44 Ziggurat
08:45 Ziggurat
09:03 Boneyard
09:03 Boneyard
09:05 Boneyard
09:06 Ziggurat
09:06 Ziggurat
09:07 Ziggurat
09:59 Watch Tower
09:59 Watch Tower
10:01 Tauren Totem
10:04 Orc Burrow
10:05 Orc Burrow
15:14 Nerubian Tower
UndeadEDITION_LIMITEE (red | 56 APM | 8 actions | 00:08)

» actions
Build / train1
Right click2
Select / deselect5
8 total
» units
Acolyte1
1 total
team 2
HumanKingAnus (blue | 0 APM | 0 actions | 00:08)
UndeadwOwOmFgWtF (teal | 55 APM | 635 actions | 11:26)
Hero icon 2 Demon Hunter
Ability icon 1 Immolation
Ability icon 1 Evasion
Hero icon 2 Lich
Ability icon 1 Frost Nova
Ability icon 1 Frost Armor
Hero icon 1 Mountain King
Ability icon 1 Bash

» actions
Basic commands12
Build / train55
Enter build submenu25
Enter hero's abilities submenu5
Remove unit from queue1
Right click268
Select / deselect236
Use ability33
635 total
» units
Peasant7
Acolyte3
Wisp6
Footman5
Archer2
Ghoul16
Huntress5
44 total
» upgrades
Defend1
1 total
» buildings
Necropolis1
Altar of Kings1
Farm1
Moon Well4
Ancient of War1
Altar of Darkness1
Ziggurat3
Crypt1
Hunter's Hall1
Ancient of Wonders1
Graveyard1
Keep1
Blacksmith1
Tree of Ages1
19 total
» build order
00:04 Necropolis
00:19 Altar of Kings
00:23 Farm
00:30 Moon Well
01:02 Ancient of War
01:10 Altar of Darkness
01:42 Ziggurat
01:59 Moon Well
02:29 Crypt
03:11 Moon Well
03:14 Hunter's Hall
03:34 Ziggurat
04:08 Ancient of Wonders
04:40 Ziggurat
04:50 Graveyard
08:29 Keep
09:11 Blacksmith
09:21 Moon Well
09:22 Tree of Ages
NightElfdarrr (purple | 78 APM | 11 actions | 00:08)

» actions
Build / train3
Enter build submenu1
Right click1
Select / deselect5
Use ability1
11 total
» units
Wisp3
3 total
» buildings
Altar of Elders1
1 total
» build order
00:04 Altar of Elders
OrcAnarchist (green | 46 APM | 869 actions | 18:43)
Hero icon 2 Blademaster
Ability icon 1 Wind Walk
Ability icon 1 Critical Strike
Hero icon 1 Mountain King
Ability icon 1 Storm Bolt

» actions
Assign group hotkey29
Build / train59
Enter build submenu20
Enter hero's abilities submenu3
Remove unit from queue1
Right click428
Select / deselect242
Select group hotkey43
Use ability44
869 total
» units
Peon6
Peasant1
Archer9
Grunt19
Footman13
48 total
» upgrades
Berserker Strength1
1 total
» buildings
Altar of Storms1
Orc Burrow4
Barracks4
Farm4
Voodoo Lounge1
Stronghold1
War Mill1
16 total
» build order
00:20 Altar of Storms
00:21 Orc Burrow
01:08 Barracks
01:13 Farm
01:14 Farm
01:17 Barracks
01:52 Orc Burrow
02:15 Barracks
02:31 Barracks
02:52 Voodoo Lounge
03:18 Farm
03:18 Farm
04:12 Orc Burrow
05:43 Orc Burrow
07:40 Stronghold
09:12 War Mill
» items
Healing Salve2
Lesser Clarity Potion1
3 total

Chat log

(00:07 / All) Anarchist: wtf nooblers
(00:08 / All) dumb_retard: legit players care

(05:28 / All) dumb_retard: FUCKING HACKERS
(05:34 / All) wOwOmFgWtF: gtfo

(11:29 / All) dumb_retard: RAPED
(11:31 / All) dumb_retard: HACKERS DOWN

(12:39 / All) dumb_retard: 1V2
(12:41 / All) dumb_retard: AND YOU BOTH HACK
(12:43 / All) dumb_retard: FUCK OFF TRASH
(12:47 / All) Anarchist: uh teal sucked
(12:50 / All) dumb_retard: NO
(12:52 / All) dumb_retard: YOU BOTH SUCKED
(13:01 / All) Anarchist: you just went triple dk mass fiends
(13:01 / All) dumb_retard: NICE TIER 1 ARMIES
(13:02 / All) dumb_retard: RETARD
(13:06 / All) dumb_retard: I GOT TIER 2 AND 3
(13:10 / All) dumb_retard: LUST WYRMS CASTERS
(13:12 / All) dumb_retard: LICK MY ASS NOOB
(13:16 / All) Anarchist: I
(13:21 / All) dumb_retard: RAPED
(13:22 / All) dumb_retard: YOU ARE BAD
(14:10 / All) Anarchist: How are you 152-163 only?
(14:12 / All) dumb_retard: RAPED
(14:13 / All) dumb_retard: YOU ARE TRASH
(14:17 / All) Anarchist: Nah
(14:19 / All) dumb_retard: YES
(14:20 / All) dumb_retard: YOU ARE
(14:21 / All) dumb_retard: REALLY
(14:23 / All) Anarchist: you just had gayass combo
(14:26 / All) Anarchist: with mass ud
(14:34 / All) dumb_retard: WANT TO REMATCH?
(14:38 / All) dumb_retard: I GET ALLY
(14:41 / All) dumb_retard: AND WE 2V1 U?
(14:43 / All) dumb_retard: U RUN 4 BASES
(14:43 / All) Anarchist: teal sucked lich and ghouls
(14:44 / All) dumb_retard: WE RUN 4
(14:46 / All) Anarchist: wtf is that
(14:49 / All) dumb_retard: YOURE TRASH NOOB
(14:52 / All) dumb_retard: NICE SOLO WITH WINHACK
(14:56 / All) dumb_retard: 12-1
(14:57 / All) dumb_retard: U LOSE
(14:59 / All) dumb_retard: FIRS TITM E U FACE HCKER
(15:01 / All) dumb_retard: RETARD NOOB
(15:14 / All) Anarchist: the whole point of this is to get wins with zero effort
(15:20 / All) Anarchist: just want a sb icon for forum posting
(15:21 / All) dumb_retard: AND YET
(15:22 / All) dumb_retard: YOU LOSE
(15:24 / All) dumb_retard: 2V1
(15:38 / All) Anarchist: Yeah to mass ud gayness
(15:40 / All) dumb_retard: TRY SO HARD
(15:43 / All) dumb_retard: TO RUN 2 BASES
(15:44 / All) dumb_retard: AND LOSE
(15:46 / All) dumb_retard: THATS THE OPPOSITE
(15:48 / All) Anarchist: Really tried hard here
(15:50 / All) dumb_retard: OF WINNING WITH NO EFFORT
(15:52 / All) Anarchist: Went mass tier one rushed
(15:57 / All) dumb_retard: CUZ THATS ALL YOU COULD DO
(16:00 / All) dumb_retard: SKILLLESS ASSWIPE
(16:02 / All) Anarchist: Didn't even tech one base
(16:05 / All) dumb_retard: DUH
(16:06 / All) dumb_retard: NOOB
(16:07 / All) dumb_retard: YOURE A NOOB
(16:11 / All) Anarchist: thought you would suck
(16:15 / All) dumb_retard: WHEN YOU FACED HACKER IN SOLO
(16:16 / All) Anarchist: Since YOU HACK
(16:18 / All) dumb_retard: I BET YOU JUST TRIED TO DK FIENDS
(16:20 / All) dumb_retard: AND GOT RAPED
(16:21 / All) dumb_retard: IN 5 MINUTES
(16:25 / All) Anarchist: Nah just left
(16:30 / All) dumb_retard: LOL
(16:33 / All) dumb_retard: SO U QUIT 1V1 VS HACKER
(16:35 / All) dumb_retard: BUT NOT 2V1
(16:38 / All) dumb_retard: THOUGHT U COULD WIN EASY
(16:39 / All) dumb_retard: BUT NO
(16:41 / All) dumb_retard: U OVERESTIMATED
(16:42 / All) Anarchist: Dude play me 1vs1 in d2
(16:42 / All) dumb_retard: YORUSELF
(16:44 / All) dumb_retard: SCUM NOOB
(16:45 / All) Anarchist: I stomp your ass
(16:49 / All) dumb_retard: LOL
(16:51 / All) dumb_retard: IS THAT A JOKE?
(17:01 / All) Anarchist: nah I'm #1 on ladder in d2
(17:08 / All) dumb_retard: DOES ANYONE EVEN PLAY THAT FUCKING HORIRBEL GAME
(17:19 / All) Anarchist: better than this crap game
(17:21 / All) dumb_retard: LEAVE RETARD
(17:24 / All) dumb_retard: SAY HI TO WCR
(17:33 / All) Anarchist: Seriously though
(17:43 / All) Anarchist: Why is your record so bad
(17:48 / All) dumb_retard: I ONLY LIKE TO TRY IN GAMES LIKE THIS
(17:49 / All) Anarchist: you hack and you're not a horrible player
(17:50 / All) dumb_retard: OR ON HURRICANE ISLE
(17:54 / All) dumb_retard: I DONT TRY IN NORMAL GAMES
(18:11 / All) dumb_retard: IF U GUYS HADNT DROP HACKED
(18:17 / All) dumb_retard: I PROLLY WOULD HAVE STRIGHT TECHED TO WYRMS
(18:20 / All) dumb_retard: AND MY TEAM WOULD HAVE LOST TO RUSH
(18:22 / All) dumb_retard: AND I WOULD JUST QUIT
(18:24 / All) Anarchist: w/e man I haven't played this game in like 2 months
(18:29 / All) dumb_retard: WELL
(18:31 / All) Anarchist: only playing now to get quick wins
(18:32 / All) dumb_retard: I HAVE NOTHING AGAISNT YOU
(18:35 / All) dumb_retard: BUT THAT GUY ON YOUR TEAM
(18:37 / All) dumb_retard: WOWOMG
(18:38 / All) dumb_retard: IS A FUCKING
(18:39 / All) Anarchist: bye
(18:41 / All) dumb_retard: OBNOXIOSU NERD